 Dungeon Crawl Stone Soup version 0.25.0-15-gac7dcb8919 (webtiles) character file.

Game seed: 7227505167822427939

78 Esekla the Grave Robber (level 4, -2/32 HPs)
             Began as a Barachi Necromancer on June 28, 2020.
             Slain by an orc priest
             ... wielding a +0 whip
              (3 damage)
             ... on level 5 of the Dungeon.
             The game lasted 00:11:10 (1546 turns).

Esekla the Grave Robber (Barachi Necromancer)       Turns: 1546, Time: 00:11:10

Health: -2/32      AC:  6    Str:  9    XL:     4   Next: 36%
Magic:  1/9        EV: 12    Int: 17    God:
Gold:   72         SH:  0    Dex: 12    Spells: 5/9 levels left

rFire    . . .     SeeInvis .   g - +2 dagger (protect)
rCold    . . .     Gourm    .   (no shield)
rNeg     . . .     Faith    .   a - +0 robe
rPois    .         Spirit   .   f - +2 helmet
rElec    .         Reflect  .   (no cloak)
rCorr    .         Harm     .   (no gloves)
MR       .....                  j - +0 pair of boots
Stlth    ++........             (no amulet)
HPRegen  0.10/turn              (no ring)
MPRegen  0.11/turn              (no ring)

@: can't hop, slow
A: +LOS, swims, slowness 1, strong legs 1
a: Hop


You were on level 5 of the Dungeon.
You were very hungry.

You visited 1 branch of the dungeon, and saw 5 of its levels.

You collected 72 gold pieces.

Inventory:

Hand Weapons
 g - a +2 dagger of protection (weapon)
Missiles
 m - 19 poisoned darts (quivered)
Armour
 a - a +0 robe (worn)
 f - a +2 helmet (worn)
 j - a +0 pair of boots (worn)
Scrolls
 b - 3 scrolls of identify {unknown}
 d - a scroll of immolation {unknown}
 h - a scroll of remove curse {unknown}
Potions
 e - a potion of flight {unknown}
 i - a potion of resistance {unknown}
 k - a potion of mutation {unknown}
 l - a potion of lignification {unknown}
Comestibles
 c - 6 rations


   Skills:
 * Level 1.4 Fighting
 + Level 0.2 Short Blades
 + Level 2.2 Dodging
 - Level 1.7 Stealth
 * Level 3.4 Spellcasting
 + Level 4.2 Necromancy


You had 5 spell levels left.
You knew the following spells:

 Your Spells              Type           Power        Failure   Level  Hunger
a - Pain                  Necr           ###.         3%          1    None
d - Vampiric Draining     Necr           ###.......   9%          3    ###....

Your spell library contained the following spells:

 Spells                   Type           Power        Failure   Level  Hunger
 Animate Skeleton         Necr           N/A          3%          1    None
 Animate Dead             Necr           N/A          28%         4    ####...
 Agony                    Necr           ###.....     63%         5    ######.


Dungeon Overview and Level Annotations

Branches:
Dungeon (5/15)
 Temple: D:4-7

Altars:
The Shining One

Annotations:
D:2 Jessica


Innate Abilities, Weirdness & Mutations

You can be seen from farther away. (+LOS)
You can swim through water.
You cover ground slowly.
You can hop short distances.


Message History

Aiming: Vampiric Draining (quite dangerous; 9% risk of failure)
Press: ? - help, Shift-Dir - straight line, f - orc priest
Aim: an orc priest, wielding a +0 whip and wearing a +0 leather armour The orc priest is severely wounded.
You feel life coursing into your body.
The orc priest hits you but does no damage.
The orc wizard misses you.
You closely miss the orc priest.
The orc priest is severely wounded.
The orc priest hits you with a +0 whip!
* * * LOW HITPOINT WARNING * * *
You barely miss the orc priest.
The orc priest is severely wounded.
The orc wizard hits you but does no damage.
The orc priest barely misses you.
You are feeling very hungry.
You completely miss the orc priest.
The orc priest is severely wounded.
The orc wizard closely misses you. The orc priest hits you with a +0 whip.
You die...

##. ##..
#...
#..#
#..#
#..#####
#......#
#..o.#
#o@#
####


You could see an orc priest and an orc wizard.

Vanquished Creatures
  An orc priest (D:4)
  A hound skeleton (D:4)
  2 dart slugs (D:1)
  2 leopard geckos (D:2)
  2 orcs (D:4)
  2 bats
  2 giant cockroaches (D:2)
  4 goblins
  2 hobgoblins
  3 frilled lizards
  A jackal skeleton (D:4)
  3 kobolds
  3 rats
28 creatures vanquished.

Notes
Turn   | Place    | Note
-------+----------+-------------------------------------------
     0 | D:1      | Esekla the Barachi Necromancer began the quest for the Orb.
     0 | D:1      | Reached XP level 1. HP: 13/13 MP: 3/3
   346 | D:1      | Reached XP level 2. HP: 19/20 MP: 1/5
   576 | D:1      | You fall into a shaft and drop 1 floor!
  1011 | D:2      | Reached skill level 1 in Fighting
  1037 | D:2      | Reached skill level 4 in Necromancy
  1091 | D:2      | Reached XP level 3. HP: 24/26 MP: 4/7
  1097 | D:2      | Learned a level 3 spell: Vampiric Draining
  1148 | D:2      | Noticed Jessica
  1513 | D:4      | Found a glowing golden altar of the Shining One.
  1524 | D:4      | Reached XP level 4. HP: 30/32 MP: 1/9
  1524 | D:4      | Noticed an ogre
  1542 | D:5      | Entered Level 5 of the Dungeon
  1544 | D:5      | HP: 1/32 [orc priest/+0 whip (7)]
  1546 | D:5      | Slain by an orc priest

Illustrated notes

Levels and vault maps discovered:
D:1:      lemuel_arrival_funnel, layout_rooms
D:2:      layout_rooms, uniq_jessica
D:3:      layout_loops_ring, kennysheep_ying_yang, first_ration, serial_glass,
          glass_columns_b, glass_columns_c, chequers_serial_rivers_room_a,
          xom_teletrap_fun
D:4:      layout_loops_ring, tso_metal_star, uniq_ijyb, uniq_blork_the_orc
D:5:      layout_layer_cave, lemuel_round_altar, lemuel_doored_altar,
          zin_purify, nicolae_ru_awakened_eye, serial_shops, shop, shop,
          enter_ossuary_3, lemuel_statue_altar

Skill      XL: |  1  2  3 |
---------------+----------+-----
Fighting       | 1 |  1.4
Necromancy     | 4 |  4.2
Spellcasting   | 3 |  3.4
Short Blades   | |  0.2
Dodging        | |  2.2
Stealth        | |  1.7

Action                   |  1- 3 |  4- 6 || total
-------------------------+-------+-------++-------
Melee: Unarmed           |     8 |       ||     8
       Dagger            |    40 |     5 ||    45
Throw: Dart              |     2 |       ||     2
 Cast: Pain              |    35 |       ||    35
       Vampiric Draining |     2 |     1 ||     3
 Abil: Hop               |       |     1 ||     1
 Stab: Sleeping          |     2 |       ||     2
  Eat: Chunk             |     2 |       ||     2
Armor: Robe              |    15 |     4 ||    19
Dodge: Dodged            |    25 |     4 ||    29
